cassyva, chaotic female human Rogue ---------------- ...............| --------------- |........>.B.f.| #####...............` |..........@....# # |.............| --.------------- ### |.............| ## # #-..............# # ##` ###------|--.-----# ### ------------- # # ## ## # # |............########## # # # # |...........| # ## ###### # |<..........-## --|-----## # ------------- |......|############ # |..^...-#######-------|-- |......| # #.........| -------- ### |.{......| # |........| ##.........| -----|---- # cassyva the Cutpurse Experience level: 3 Strength: 15 Dexterity: 18 Constitution: 14 Intelligence: 10 Wisdom: 10 Charisma: 8 Health: 0(19) Energy: 12(12) Def: 3 Gold: 608 Moves: 1436 Dungeon seed: qp73yb0NPivA16y2 Game ID: cassyva_1517275751 Your Inventory: Coins $ - 608 gold pieces Weapons a - an uncursed +0 dagger named Biter (weapon in hand) b - 9 uncursed +0 daggers (in quiver) l - a cursed -1 orcish dagger r - a blessed +0 orcish dagger Armor e - an uncursed +1 leather armor (being worn) Comestibles i - 3 uncursed food rations j - an uncursed egg q - an uncursed cream pie Potions p - an uncursed potion of hallucination Rings s - an uncursed ring of cold resistance t - an uncursed ring of invisibility Wands n - an uncursed wand of create monster (0:11) Tools k - an uncursed lock pick m - an uncursed oil lamp (0:1021) B - an uncursed sack Contents of the sack: an uncursed +0 short sword a cursed scroll of magic mapping an uncursed potion of sickness Spells and supernatural/magical abilities: Name Level Category Fail Memory W - pray for help -- divine ? -- Your skills at the end: Fighting Skills Weapon Skills dagger [Basic] short sword [Basic] Spellcasting Skills Final Attributes: You were piously aligned. You were stealthy. You are dead. Vanquished creatures: 2 shriekers a large kobold a gnome zombie 3 jackals a fox a kobold 2 goblins 4 grid bugs 3 lichens a kobold zombie 3 newts 22 creatures vanquished. Voluntary challenges: You were an atheist. You used a wielded weapon 18 times, starting on turn 3. You were illiterate. You never genocided any monsters. You never polymorphed an object. You never changed form. You used no wishes. You never split a pudding. You never wrote Elbereth's name. You never violated your personal moral code. Dungeon overview: The Dungeons of Doom: levels 1 to 5 Level 1 a long staircase Level 2 some fountains stairs to The Gnomish Mines Level 3 a fountain Level 4 <- You were here a fountain Level 5 The Gnomish Mines: Level 3 stairs to The Dungeons of Doom History has recorded: On T:1 you entered the Dungeons of Doom to retrieve the Amulet of Yendor! On T:87 you reached level 2 of The Dungeons of Doom. On T:453 you reached level 1 of The Gnomish Mines. On T:618 you reached level 3 of The Dungeons of Doom. On T:927 you advanced to experience level 2. On T:992 you reached level 4 of The Dungeons of Doom. On T:1057 you advanced to experience level 3. On T:1413 you reached level 5 of The Dungeons of Doom. Score breakdown: Gold: 608 ( 9472 points) Experience: 3 levels ( 7878 points) Exploration: 5 levels ( 10.42%) ( 8751 points) Discoveries: 1 item ( 0.34%) ( 1737 points) Valuables value: (no points given unless you survive) Artifact value: 0 ( 0 points) Variety of kills: 11 monsters ( 2.89%) ( 5097 points) Turncount: 1436 turns ( 0 points) Survival: died (score multiplied by 80%) Total score: 26348 Latest messages: You see a door open. You stop exploring. You kill the goblin! There is an open door here. You see here a crude dagger. r - a crude dagger. You displace Archaea. You are beginning to feel hungry. You stop exploring. The door opens. You displace Archaea. The door opens. s - an ivory ring. t - a brass ring. You hear a distant squeak. You displace Archaea. The giant bat bites! (2x) You miss the giant bat. The giant bat bites! (2x) You hit the giant bat. The giant bat bites! You die... Final status: Goodbye cassyva the Rogue, killed by a giant bat... You died in The Dungeons of Doom on dungeon level 4 with 26348 points, and 608 pieces of gold, after 1436 moves. You were level 3 with a maximum of 19 hit points when you died.